 Dungeon Crawl Stone Soup version 0.14-a0-445-g388476e (webtiles) character file.

128 4tharraofdagon the Vexing (level 3, -2/16 HPs)
             Began as a Spriggan Enchanter on Oct 30, 2013.
             Was an Initiate of Ashenzari.
             Slain by a giant frog (5 damage)
             ... on Level 6 of the Dungeon.
             The game lasted 00:04:47 (820 turns).

4tharraofdagon the Vexing (Spriggan Enchanter)       Turns: 820, Time: 00:04:47

HP  -2/16        AC  3     Str  5      XL: 3   Next: 28%
MP   8/18        EV 18     Int 16      God: Ashenzari [......]
Gold 89          SH  0     Dex 16      Spells:  2 memorised,  2 levels left

Res.Fire  : . . .   See Invis. : +   a - +1 dagger
Res.Cold  : . . .   Warding    : .   b - +1 robe
Life Prot.: . . .   Conserve   : .   (shield restricted)
Res.Poison: .       Res.Corr.  : .   (helmet restricted)
Res.Elec. : .       Clarity    : .   (no cloak)
Sust.Abil.: . .     Spirit.Shd : .   (gloves unavailable)
Res.Mut.  : .       Stasis     : .   (boots unavailable)
Res.Rott. : .       Flight     : .   (no amulet)
Saprovore : . . .                    (no ring)
                                     p - ring of magical power

@: very slightly contaminated, very quick, slightly resistant to hostile
enchantments, stealthy
A: unfitting armour, see invisible, herbivore 3, speed 3, slow metabolism 2
a: Renounce Religion


You were on level 6 of the Dungeon.
You worshipped Ashenzari.
Ashenzari was noncommittal.
You were not hungry.

You visited 1 branch of the dungeon, and saw 6 of its levels.

You collected 69 gold pieces.

Inventory:

Hand weapons
 a - a +1,+1 dagger (weapon)
Missiles
 d - 12 darts (quivered)
 i - 3 needles of slowing
Armour
 b - a +1 robe (worn)
Comestibles
 g - 3 bread rations
 j - an apple
 m - a pear
Scrolls
 l - 2 scrolls of identify {unknown}
 o - a scroll of magic mapping {unknown}
 q - a scroll of curse weapon
 r - a scroll of teleportation {unknown}
Jewellery
 p - a ring of magical power (left hand)
Potions
 e - a potion of porridge
 f - 2 potions of invisibility {unknown}
 h - a potion of restore abilities {unknown}
 k - a potion of magic {unknown}
 n - 2 potions of curing {unknown}
Books
 c - a book of Maledictions

   Spells                             Type                      Level
   *Corona                            Hexes                        1
   Sure Blade                         Hexes/Charms                 2
   *Ensorcelled Hibernation           Hexes/Ice                    2
   Confuse                            Hexes                        3
   Enslavement                        Hexes                        4
   Invisibility                       Hexes                        6


   Skills:
 * Level 2.6 Short Blades
 - Level 1.1 Throwing
 - Level 3.0 Dodging
 + Level 3.6 Stealth
 + Level 1.9 Spellcasting
 + Level 3.9 Hexes


You had 2 spell levels left.
You knew the following spells:

 Your Spells              Type           Power        Failure   Level  Hunger
a - Corona                Hex            ##.....      6%          1    #......
b - Ensorcelled Hibernat  Hex/Ice        #.....       17%         2    ###....


Dungeon Overview and Level Annotations

Branches:
Dungeon (6/27)
 Temple: D:4-7          Orc: D:6-11

Altars:
Ashenzari
Fedhas


Innate Abilities, Weirdness & Mutations

You are tiny and cannot use many weapons and most armour.
You have supernaturally acute eyesight.
You are a herbivore.
You cover ground extremely quickly.
You need consume almost no food.


Message History

Nothing appears to happen.
There is an open door here.
Casting: Ensorcelled Hibernation
Confirm with . or Enter, or press ? or * to list all spells.
Aiming: Ensorcelled Hibernation
Press: ? - help, Shift-Dir - straight line, f/p - giant frog
Aim: a giant frog The giant frog looks drowsy...
The helpless giant frog fails to defend itself.
You slice the giant frog!!
The giant frog is almost dead.
The giant frog misses you. The giant frog hits you.
You completely miss the giant frog.
The giant frog is almost dead.
The giant frog hits you.
* * * LOW HITPOINT WARNING * * *
You closely miss the giant frog.
The giant frog is almost dead.
The giant frog hits you.
You die...

#..# ##+## #########.##
.....# #..%.......#
#.....# #.[......%.#
#.....# #...........
#.....# ####..........#
#.....###.............#
+.....#...##.......<..#
#.....@F####..........#
#.....### #####.######
#.....# #.# #.....# #..
###'### )... #.## ....
#..# .## ###'## #....#


You could see a giant frog.

Vanquished Creatures
  A worker ant (D:6)
  A bat skeleton (D:4)
  2 giant cockroaches
  2 goblins
  A hobgoblin (D:5)
  A ball python (D:4)
  8 giant newts
  A kobold zombie (D:6)
  A quokka skeleton (D:4)
  4 rats
22 creatures vanquished.

Notes
Turn   | Place    | Note
--------------------------------------------------------------
     0 | D:1      | 4tharraofdagon, the Spriggan Enchanter, began the quest for the Orb.
     0 | D:1      | Reached XP level 1. HP: 9/9 MP: 4/4
   119 | D:2      | Reached XP level 2. HP: 8/13 MP: 4/6
   123 | D:2      | Learned a level 2 spell: Ensorcelled Hibernation
   278 | D:4      | Found a blossoming altar of Fedhas.
   332 | D:5      | Entered Level 5 of the Dungeon
   343 | D:4      | Found a shattered altar of Ashenzari.
   352 | D:4      | Became a worshipper of Ashenzari the Shackled
   629 | D:6      | Noticed a centaur
   694 | D:6      | Reached XP level 3. HP: 16/16 MP: 9/9
   713 | D:6      | Noticed a giant frog
   820 | D:6      | Slain by a giant frog

Action                   || total
-------------------------++-------
Melee: Dagger            ||    48
 Cast: Corona            ||     4
       Ensorcelled Hiber ||    13
 Stab: Sleeping          ||     9
